 Dungeon Crawl Stone Soup version 0.30-a0-371-gad7725a93e (webtiles) character file.

Game seed: 15263449442706137751

67 ryw the Trooper (level 4, 34/34 HPs)
             Began as a Demonspawn Warper on Nov 20, 2022.
             Quit the game on level 2 of the Dungeon.
             The game lasted 00:03:40 (1419 turns).

ryw the Trooper (Demonspawn Warper)                 Turns: 1419, Time: 00:03:41

Health: 34/34      AC:  4    Str: 13    XL:     4   Next: 0%
Magic:  8/8        EV: 12    Int: 14    God:
Gold:   61         SH:  0    Dex: 13    Spells: 6/8 levels left

rFire   . . .      SeeInvis .      - Unarmed
rCold   . . .      Faith    .    (no shield)
rNeg    . . .      Spirit   .    l - +1 leather armour of the Spheres {-Tele rElec Will+ Regen+}
rPois   .          Reflect  .    (helmet restricted)
rElec   +          Harm     .    (no cloak)
rCorr   .          Rampage  .    (no gloves)
Will    +....      NoTele   +    (no boots)
Stlth   +.........               (no amulet)
HPRegen 1.05/turn                (no ring)
MPRegen 0.11/turn                (no ring)

@: no status effects
A: antennae 1, demonic magic 1
a: no special abilities


You were on level 2 of the Dungeon.
You visited 1 branch of the dungeon, and saw 2 of its levels.

You collected 61 gold pieces.

Inventory:

Missiles
 d - 3 poisoned darts
 j - 6 silver javelins (quivered)
Armour
 e - a +0 helmet
 l - the +1 leather armour of the Spheres (worn) {-Tele rElec Will+ Regen+}
   (You found it on level 2 of the Dungeon)

   rElec:     It insulates you from electricity.
   -Tele:     It prevents most forms of teleportation.
   Regen:     It increases your rate of health regeneration.
   Will:      It increases your willpower.
Scrolls
 a - a scroll of summoning {unknown}
 b - a scroll of blinking
 i - 2 scrolls of identify {unknown}
 k - a scroll of amnesia {unknown}
Potions
 c - a potion of flight {unknown}
 f - a potion of curing {unknown}
 g - a potion of mutation {unknown}
 h - a potion of heal wounds {unknown}


   Skills:
 + Level 2.9 Fighting
 - Level 0.8 Throwing
 - Level 0.8 Armour
 + Level 2.6 Dodging
 - Level 2.0 Unarmed Combat
 + Level 2.7 Spellcasting
 - Level 2.6 Translocations


You had 6 spell levels left.
You knew the following spells:

 Your Spells              Type           Power      Damage    Failure   Level
a - Blink                 Tloc           18%        N/A       14%         2

Your spell library contained the following spells:

 Spells                   Type           Power      Damage    Failure   Level
 Lesser Beckoning         Tloc           18%        N/A       28%         3
 Teleport Other           Tloc           9%         N/A       28%         3
 Vhi's Electric Charge    Tloc/Air       10%        N/A       43%         3
 Manifold Assault         Tloc           9%         N/A       67%         4


Dungeon Overview and Level Annotations

Branches:
Dungeon (2/15)

Altars:


Innate Abilities, Weirdness & Mutations

You have a pair of small antennae on your head.
Spells you cast may paralyse adjacent enemies.


Message History

No target in view!
No target in view!
Found a faded altar of an unknown god.
There is a faded altar of an unknown god here.
This altar belongs to (a) Gozag, (b) Trog or (c) Nemelex Xobeh, but you can't tell which.
Press the corresponding letter to learn more about a god, or press enter to convert or escape to cancel.
Okay, then.
Unknown command.
Press < or > to pray at altars.
Unknown command.
Press < or > to pray at altars.
Found two stone staircases leading down.
Found a leather armour.
A frilled lizard comes into view.
The frilled lizard hisses angrily.
The frilled lizard closely misses you.
You hit the frilled lizard.
You kill the frilled lizard!
No target in view!
No target in view!
You see here a frilled lizard corpse.
You now have 61 gold pieces (gained 6).
A quokka comes into view.
Found 3 gold pieces.
A kobold comes into view. It is wielding a +0 club.
Found a tiny steel amulet.
The quokka barely misses you. The quokka misses you.
You hit the quokka but do no damage. The quokka closely misses you.
You hit the quokka.
The quokka is almost dead.
The kobold throws a stone.
The stone closely misses you.
The quokka bites you but does no damage.
You hit the quokka.
You kill the quokka!
You have reached level 4!
You feel agile.
Your demonic ancestry asserts itself...
A pair of antennae grows on your head!
Your +0 helmet falls away!
Okay, then.
Unknown command.
Are you sure you want to abandon this character and quit the game? (Confirm with "yes".)

... #........ ...
#........# >.
##........#### #.##
###.†..........#
#..###....[......$..#
###.##....#######....#
...........#####K...
###.####.#....#..#
##.......####...@#
#.....................".
..........##.######.....
..........##.# ####
..........#.)
#.........#.#
#.........#.###
##.......#....#
#.............#


You could see a kobold.

Vanquished Creatures
  2 adders (D:2)
  A worm (D:2)
  3 dart slugs
  3 ball pythons (D:1)
  8 bats
  2 endoplasms
  A giant cockroach (D:1)
  4 goblins
  2 hobgoblins (D:1)
  A quokka (D:2)
  3 frilled lizards
  7 kobolds
  4 rats
41 creatures vanquished.

Vanquished Creatures (others)
  A rat (D:2)
1 creature vanquished.

Grand Total: 42 creatures vanquished

Notes
Turn   | Place    | Note
-------+----------+-------------------------------------------
     0 | D:1      | ryw the Demonspawn Warper began the quest for the Orb.
     0 | D:1      | Reached XP level 1. HP: 16/16 MP: 3/3
   173 | D:1      | Gained mutation: Spells you cast may paralyse adjacent
                  | enemies. [demonic ancestry]
   173 | D:1      | Reached XP level 2. HP: 22/22 MP: 5/5
   193 | D:1      | Learned a level 2 spell: Blink
   713 | D:1      | Reached XP level 3. HP: 24/28 MP: 6/6
  1251 | D:2      | Identified the +1 leather armour of the Spheres {-Tele
                  | rElec Will+ Regen+}
  1386 | D:2      | Found a faded altar of an unknown god.
  1419 | D:2      | Gained mutation: You have a pair of small antennae on your
                  | head. [demonic ancestry]
  1419 | D:2      | Reached XP level 4. HP: 34/34 MP: 8/8
  1419 | D:2      | Quit the game

Illustrated notes

Levels and vault maps discovered:
D:1:      lightli_arrival_lavapool, layout_loops_ring
D:2:      layout_rooms, basic_ecumenical_altar, solitary_fountain

Skill      XL: |  1  2  3 |
---------------+----------+-----
Dodging        | 2 |  2.6
Unarmed Combat | 2 |  2.0
Fighting       | |  2.9
Throwing       | |  0.8
Armour         | |  0.8
Spellcasting   | |  2.7
Translocations | |  2.6

Action                   |  1- 3 |  4- 6 || total
-------------------------+-------+-------++-------
Melee: Unarmed           |   195 |       ||   195
       Punch             |     5 |       ||     5
Throw: Boomerang         |     7 |       ||     7
       Dart              |     3 |       ||     3
       Javelin           |     3 |       ||     3
Armor: Leather armour    |    74 |       ||    74
Dodge: Dodged            |   107 |       ||   107

Table legend: (Time is in decaauts)
 A = Elapsed time spent in this place.
 B = Non-inter-level travel time spent in this place.
 C = Inter-level travel time spent in this place.
 D = Time resting spent in this place.
 E = Time spent auto-exploring this place.
 F = Levels seen in this place.
 G = Mean time per level.
                   A        B        C        D        E       F      G
               +--------+--------+--------+--------+--------+-----+--------+
         Total |   1413 |   1381 |     32 |    151 |    817 |   2 |  706.5 |
       Dungeon |   1413 |   1381 |     32 |    151 |    817 |   2 |  706.5 |
               +--------+--------+--------+--------+--------+-----+--------+

Top non-repeatable levels by time:
     D:1: 865 daAuts
     D:2: 548 daAuts
